 Dungeon Sprint DCSS version 0.31-a0-986-g5e6e4ef867 (webtiles) character file.

Game seed: 8763394928540083934

11481 fingers the Severer (level 11, -5/66 HPs)
             Began as a Vine Stalker Fighter on Nov 6, 2023.
             Was the Champion of Wu Jian.
             Slain by a green draconian
             ... wielding a +0 glaive
              (7 damage)
             ... in the Dungeon (Sprint V: "Ziggurat Sprint").
             The game lasted 00:05:15 (352 turns).

fingers the Severer (Vine Stalker Fighter)           Turns: 352, Time: 00:05:16

Health: -5/66      AC: 35    Str: 35    XL:     11   Next: 78%
Magic:  0/12       EV:  8    Int:  8    God:    Wu Jian [******]
Gold:   0          SH: 35    Dex: 14    Spells: 10/10 levels left

rFire   + . .        B - +16 obsidian axe {drain, demonic, Mesm Drain Fly SInv}
rCold   + . .        D - +18 shield of the Gong {Loud rN+ Will+ rCorr EV-5}
rNeg    + . .        C - +15 Maxwell's patent armour {-Cast -Tele rElec Will+ rCorr}
rPois   .            (no helmet)
rElec   +            H - +0 cloak {rCorr}
rCorr   +            (no gloves)
SInv    +            F - +2 pair of boots {rampage}
Will    +++..        K - amulet of the Imbibing Gods {Reflect rF+ rC+ SH+5} Stlth
                     z - +6 ring of strength
HPRegen 1.11/turn    A - +6 ring of strength
MPRegen 0.13/turn

%: no teleportation, no spellcasting, reflection, guardian spirit
@: lethally poisoned (-5 -> -7), in a heavenly storm, flying, mesmerised,
glowing
A: fangs 3, regeneration 1, magic shield, antimagic bite, no potion heal 2
a: Renounce Religion, Wall Jump, Serpent's Lash, Heavenly Storm


You were in the Dungeon.
You worshipped Wu Jian.
Wu Jian was exalted by your worship.
You visited 1 branch

Inventory:

Hand Weapons
 a - a +0 war axe
 B - the +16 obsidian axe (weapon) {drain, demonic, Mesm Drain Fly SInv}
   (You found it in the Dungeon)

   Mesm:      Its wielder is mesmerised by any visible foes, and it cannot be
   unequipped while any foes are visible.
   SInv:      It lets you see invisible.
   Fly:       It grants you flight.
   Drain:     It drains your maximum health when unequipped.
Armour
 b - a +0 scale mail
 c - a +0 buckler
 C - the +15 Maxwell's patent armour (worn) {-Cast -Tele rElec Will+ rCorr}
   (You found it in the Dungeon)

   rElec:     It insulates you from electricity.
   Will+:     It increases your willpower.
   -Cast:     It prevents spellcasting.
   -Tele:     It prevents most forms of teleportation.
   rCorr:     It protects you from acid and corrosion.
 D - the +18 shield of the Gong (worn) {Loud rN+ Will+ rCorr EV-5}
   (You found it in the Dungeon)

   Loud:      It is deafeningly noisy when blocking attacks.
   EV-5:      It affects your evasion (-5).
   rN+:       It protects you from negative energy.
   Will+:     It increases your willpower.
   rCorr:     It protects you from acid and corrosion.
 F - a +2 pair of boots of rampaging (worn)
 H - a +0 cloak of preservation (worn)
 J - the +9 shadow dragon scales of the Trombone {Contam +Inv rC+++ Str-5 Stlth++++}
   (You found it in the Dungeon)

   Str-5:     It affects your strength (-5).
   rC+++:     It renders you almost immune to cold.
   +Inv:      It lets you turn invisible.
   Contam:    It causes magical contamination when unequipped.
   Stlth++++: It makes you much more stealthy.
Jewellery
 u - a ring of flight
 v - a +6 ring of dexterity
 w - a +6 ring of dexterity
 x - a +6 ring of intelligence
 y - a +6 ring of intelligence
 z - a +6 ring of strength (left hand)
 A - a +6 ring of strength (right hand)
 G - the ring "Foapreu" {*Slow rElec rC++ rCorr}
   (You found it in the Dungeon)

   [ring of resist corrosion]

   rC++:      It greatly protects you from cold.
   rElec:     It insulates you from electricity.
   rCorr:     It protects you from acid and corrosion.
   *Slow:     It may slow you when you take damage.
 I - a ring of protection from fire
 K - the amulet of the Imbibing Gods (around neck) {Reflect rF+ rC+ SH+5}
   (You found it in the Dungeon)

   [amulet of reflection]

   Reflect:   It reflects blocked missile attacks.
   rF+:       It protects you from fire.
   rC+:       It protects you from cold.
   SH+5:      It affects your SH (+5).
 L - a +5 ring of evasion
 M - the ring "Riawnuth" {Ice rCorr}
   (You found it in the Dungeon)

   [ring of ice]

   Ice:       It enhances your ice magic.
   rF-:       It makes you vulnerable to fire.
   rC+:       It protects you from cold.
   rCorr:     It protects you from acid and corrosion.
 N - a +5 ring of evasion
Wands
 r - a wand of mindburst (7)
 s - a wand of iceblast (12)
 t - a wand of quicksilver (7)
Scrolls
 i - 4 scrolls of blinking
 n - 4 scrolls of amnesia
 o - 7 scrolls of fog
 p - 5 scrolls of identify
 q - 2 scrolls of fear
Potions
 d - 6 potions of might
 e - 10 potions of curing
 f - 6 potions of haste
 g - 7 potions of magic
 h - 2 potions of berserk rage
 j - 2 potions of brilliance
 k - 2 potions of invisibility
 l - 2 potions of resistance
Miscellaneous
 m - a phantom mirror
 E - a lightning rod (4/4)


   Skills:
 + Level 12.0 Fighting
 + Level 15.6 Axes
 + Level 11.6 Armour
 + Level 1.2 Dodging
 + Level 3.8 Stealth
 + Level 13.2 Shields
 + Level 1.5 Evocations


You had 10 spell levels left.
You didn't know any spells.
Your spell library contained the following spells:

 Spells                   Type           Power      Damage    Failure   Level
 Foxfire                  Conj/Fire      0%         2x1d4     97%         1
 Shock                    Conj/Air       0%         1d3       97%         1
 Sublimation of Blood     Necr           0%         N/A       99%         2
 Dazzling Flash           Conj/Hex       0%         N/A       100%        3
 Stone Arrow              Conj/Erth      0%         3d7       100%        3
 Swiftness                Air            0%         N/A       100%        3
 Volatile Blastmotes      Fire/Tloc      0%         2d10      100%        3
 Airstrike                Air            0%         2d(0-16)  100%        4
 Anguish                  Hex/Necr       0%         N/A       100%        4
 Brom's Barrelling Bould  Conj/Erth      0%         2d3       100%        4
 Borgnjor's Vile Clutch   Necr/Erth      0%         N/A       100%        5
 Metabolic Englaciation   Hex/Ice        0%         N/A       100%        5
 Silence                  Hex/Air        0%         N/A       100%        5
 Starburst                Conj/Fire      0%         6d3       100%        6
 Maxwell's Capacitive Co  Air            0%         ∞         100%        8
 Chain Lightning          Conj/Air       0%         N/A       100%        9
 Fire Storm               Conj/Fire      0%         5d1       100%        9
 Shatter                  Erth           0%         3d5*      100%        9


Dungeon Overview and Level Annotations

Branches:
Dungeon (1/1)

Altars:
Ashenzari
Cheibriados
Dithmenos
Elyvilon
Fedhas
Gozag
Hepliaklqana
Kikubaaqudgha
Makhleb
Nemelex Xobeh
Okawaru
Qazlal
Ru
Sif Muna
Trog
Uskayaw
Vehumet
Wu Jian
Xom
Yredelemnul
Zin
The Shining One
Jiyva
Lugonu

Annotations:
D 1 transporter


Innate Abilities, Weirdness & Mutations

You have razor-sharp teeth.
Your natural rate of healing is unusually fast.
When hurt, damage is shared between your health and your magic reserves.
Your bite disrupts and absorbs the magic of your enemies.
Potions cannot restore your health.


Message History

Visions of slaying the yellow draconian annihilator flood into your mind.
You feel very sick.
Your sun demon hits the red draconian!!
The red draconian dies!
The Council accepts your kill.
The green draconian monk barely misses your neqoxec.
The green draconian monk kicks your neqoxec!
The green draconian monk tail-slaps your neqoxec but does no damage.
The green draconian monk tail-slaps your neqoxec.
The yellow draconian annihilator points at you and mumbles some strange words.
The crystal spear hits you!!!
Ouch! That really hurt!
* * * LOW HITPOINT WARNING * * *
The red draconian closely misses your neqoxec.
You block the green draconian's attack.
PTOANNNG!
The yellow draconian barely misses your neqoxec.
Your phantom mirror has recharged.
Your Fighting skill increases to level 12!
You chop the yellow draconian annihilator into pieces!!!
You break out of your daze!
You kill the yellow draconian annihilator!
The Council accepts your kill.
You slice the red draconian!! You drain the red draconian.
You open a gate to Pandemonium!
A demon appears!
You slice the green draconian monk!! You drain the green draconian monk.
You kill the green draconian monk!
The Council accepts your kill.
You slash the green draconian!
Visions of slaying the red draconian flood into your mind.
* * * LOW HITPOINT WARNING * * *
You feel sick.
Your yellow draconian annihilator shimmers and vanishes!
Your sun demon hits the green draconian!
The green draconian is engulfed in flames!!
Your neqoxec barely misses the yellow draconian.
You block the red draconian's attack.
GONNNNG!
The green draconian hits you from afar with a +0 glaive!
You die...

▓▓▓▓▓▓▓▓▓▓▓▓
▓...8©8...▓...8©8...▓.
▓..:/)?.).▓.."||)|..▓.
▓..):)/|..▓..=/.=)..▓.
▓.....d...▓.........▓.
▓.........▓.........▓.
▓..ddd☼dq.▓...†)....▓.
▓..dddd3..▓...†.....▓.
▓..☼3@§○..▓.........▓.
▓.▓§☼○☼○▓.▓.▓.....▓.▓.
▓..3§○○§..▓....©....▓▓
▓▓▓▓▓▓▓▓▓▓▓▓▓▓▓▓▓▓▓▓▓


You could see a black draconian, a yellow draconian (ally target), 3 draconians,
a purple draconian, 2 draconians, a friendly sun demon (summoned), a friendly
sixfirhy (summoned) and a friendly neqoxec (summoned).

Vanquished Creatures
  A draconian monk (D)
  A draconian annihilator (D)
  A hell hog (D)
  A spriggan berserker (D)
  A cyclops (D)
  A black mamba (D)
  2 cane toads (D)
  A rime drake (shapeshifter) (D)
  An efreet (D)
  An ice devil (D)
  A merfolk (D)
  2 air elementals (D)
  2 yaks (D)
  A basilisk (D)
  A golden eye (D)
  3 water moccasins (D)
  2 wolves (D)
  A bullfrog (D)
  A crimson imp (D)
  2 quasits (D)
  3 jellies (D)
  An iron imp (D)
  2 adders (D)
  A shadow imp (D)
  An ufetubus (D)
  A ball python (D)
36 creatures vanquished.

Vanquished Creatures (collateral kills)
  A red draconian (D)
  A hydra (D)
  A hell hog (D)
  2 naga magi (D)
  A black mamba (D)
  A cane toad (D)
  A komodo dragon (D)
  3 merfolk (D)
  A slime creature (D)
  An air elemental (D)
  A basilisk (D)
  3 fire elementals (D)
  A yak (D)
  A water moccasin (D)
  A hell hound (D)
  2 wolves (D)
  A centaur (D)
  A crimson imp (D)
  An ufetubus (D)
  A jackal (D)
  A ball python (D)
  A ball python zombie (D)
28 creatures vanquished.

Vanquished Creatures (others)
  A ball python (D)
  2 fire vortices (D)
3 creatures vanquished.

Grand Total: 67 creatures vanquished

Notes
Turn   | Place    | Note
-------+----------+-------------------------------------------
     0 | D        | fingers the Vine Stalker Fighter began the quest for the
                  | Orb.
     0 | D        | Reached XP level 1. HP: 11/11 MP: 2/2
     0 | D        | Found a shimmering blue altar of Sif Muna.
     0 | D        | Found a bloodstained altar of Trog.
     0 | D        | Found a sacrificial altar of Ru.
     0 | D        | Found a stormy altar of Qazlal.
     0 | D        | Found an iron altar of Okawaru.
     1 | D        | Found a sparkling altar of Nemelex Xobeh.
     1 | D        | Found a blossoming altar of Fedhas.
     1 | D        | Found the +6 Majin-Bo {spellvamp, MP+6 Int+6}
     1 | D        | Found the +27 heavy crossbow "Sniper" {heavy, Acc+∞ SInv}
     1 | D        | Found the +10 dark maul {heavy}
     1 | D        | Found the +15 Maxwell's patent armour {-Cast -Tele rElec
                  | Will+ rCorr}
     1 | D        | Found the +18 shield of the Gong {Loud rN+ Will+ rCorr
                  | EV-5}
     1 | D        | Found the +16 obsidian axe {drain, demonic, Mesm Drain Fly
                  | SInv}
     1 | D        | Found the +7 great mace "Firestarter" {flame, immolate,
                  | rFlCloud rF++}
     1 | D        | Found the +6 shillelagh "Devastator" {shatter}
     1 | D        | Found the +11 plutonium sword {Contam Stlth-}
     1 | D        | Found the +8 lance "Wyrmbane" {slay drac, rPois rF+ rC+
                  | AC+3}
     1 | D        | Found the +9 sword of Zonguldrok {reap}
     1 | D        | Found the +13 scythe of Curses {drain, curses, Drain}
     1 | D        | Found the +9 sword of Power {lifebolt}
     1 | D        | Found the +7 mace of Variability {chaos, chaos arc}
     1 | D        | Found the +11 Singing Sword {sonic wave}
     1 | D        | Found the +8 storm bow {elec, penet}
     3 | D        | Found a transporter.
     3 | D        | Found an ancient bone altar of Kikubaaqudgha.
     3 | D        | Found a viscous altar of Jiyva.
     3 | D        | Found a corrupted altar of Lugonu.
     3 | D        | Found a hazy altar of Hepliaklqana.
     3 | D        | Found a burning altar of Makhleb.
     3 | D        | Found an opulent altar of Gozag.
    56 | D        | Became a worshipper of the Wu Jian Council
    71 | D        | Entered arena 2.
    71 | D        | Noticed a fire elemental
    71 | D        | Noticed a rime drake
    71 | D        | Found a transporter.
    77 | D        | Killed a rime drake
    78 | D        | Reached skill level 3 in Axes
    78 | D        | Reached XP level 2. HP: 3/20 MP: 1/3
    78 | D        | Reached XP level 3. HP: 3/24 MP: 1/4
    78 | D        | Reached XP level 4. HP: 4/28 MP: 1/5
    78 | D        | Reached XP level 5. HP: 4/32 MP: 1/6
    78 | D        | Reached XP level 6. HP: 5/37 MP: 1/7
    78 | D        | Killed a fire elemental
    79 | D        | Reached skill level 4 in Axes
   112 | D        | Entered arena 3.
   112 | D        | Noticed an air elemental
   112 | D        | Noticed an air elemental
   112 | D        | Noticed an air elemental
   112 | D        | Found a transporter.
   112 | D        | Paralysed by an air elemental for 1 turns
   113 | D        | Killed an air elemental
   113 | D        | Reached * piety under Wu Jian
   114 | D        | Reached XP level 7. HP: 43/43 MP: 8/8
   115 | D        | Killed an air elemental
   115 | D        | Killed an air elemental
   116 | D        | Reached skill level 5 in Axes
   116 | D        | Gained mutation: You have razor-sharp teeth. [Vine Stalker
                  | growth]
   116 | D        | Reached XP level 8. HP: 37/49 MP: 5/9
   158 | D        | Got the ring "Foapreu" {*Slow rElec rC++ rCorr}
   161 | D        | Entered arena 4.
   161 | D        | Found a transporter.
   163 | D        | Reached ** piety under Wu Jian
   172 | D        | Entered arena 5.
   172 | D        | Found a transporter.
   174 | D        | Reached *** piety under Wu Jian
   188 | D        | Reached skill level 6 in Axes
   188 | D        | Reached skill level 10 in Shields
   189 | D        | Reached XP level 9. HP: 54/54 MP: 10/10
   192 | D        | Entered arena 6.
   192 | D        | Found a transporter.
   195 | D        | Reached **** piety under Wu Jian
   196 | D        | Reached skill level 10 in Fighting
   197 | D        | Reached skill level 7 in Axes
   204 | D        | Entered arena 7.
   204 | D        | Noticed a merfolk
   204 | D        | Noticed a cyclops
   204 | D        | Noticed a merfolk
   204 | D        | Noticed a merfolk
   204 | D        | Noticed a merfolk
   206 | D        | Found a transporter.
   208 | D        | Killed a merfolk
   208 | D        | Reached ***** piety under Wu Jian
   209 | D        | Reached skill level 8 in Axes
   209 | D        | Reached skill level 10 in Armour
   211 | D        | Killed a cyclops
   211 | D        | Killed a merfolk
   212 | D        | Reached skill level 9 in Axes
   212 | D        | Reached XP level 10. HP: 49/60 MP: 11/11
   222 | D        | Got the +9 shadow dragon scales of the Trombone {Contam
                  | +Inv rC+++ Str-5 Stlth++++}
   226 | D        | Entered arena 8.
   227 | D        | Found a transporter.
   231 | D        | Reached ****** piety under Wu Jian
   232 | D        | Reached skill level 10 in Axes
   235 | D        | Got the Discourse on the Enchanting Mountains
   237 | D        | Entered arena 9.
   237 | D        | Noticed a cane toad
   238 | D        | Found a transporter.
   242 | D        | Reached skill level 1 in Stealth
   242 | D        | Killed a cane toad
   243 | D        | Reached skill level 11 in Axes
   250 | D        | Got the Excursus on the Pyromaniac and Bones
   252 | D        | Entered arena 10.
   252 | D        | Noticed a hell hog
   252 | D        | Noticed a hell hog
   254 | D        | Found a transporter.
   257 | D        | Killed a hell hog
   258 | D        | Reached skill level 12 in Axes
   258 | D        | Killed a hell hog
   259 | D        | Reached skill level 13 in Axes
   259 | D        | Reached XP level 11. HP: 59/65 MP: 10/12
   266 | D        | Got the amulet of the Imbibing Gods {Reflect rF+ rC+ SH+5}
   276 | D        | Entered arena 11.
   277 | D        | Found a transporter.
   285 | D        | Reached skill level 1 in Evocations
   296 | D        | Got the ring "Riawnuth" {Ice rCorr}
   312 | D        | Entered arena 12.
   312 | D        | Noticed a spriggan berserker
   312 | D        | Noticed a five-headed hydra
   315 | D        | Found a transporter.
   317 | D        | Reached skill level 14 in Axes
   318 | D        | Killed a spriggan berserker
   321 | D        | Killed a ten-headed hydra
   322 | D        | Reached skill level 15 in Axes
   322 | D        | Reached skill level 1 in Dodging
   346 | D        | Entered arena 13.
   346 | D        | Noticed a yellow draconian annihilator
   346 | D        | Noticed a red draconian
   346 | D        | Noticed a green draconian monk
   346 | D        | Noticed a green draconian
   346 | D        | Noticed a red draconian
   346 | D        | Noticed a green draconian
   346 | D        | Noticed a yellow draconian
   347 | D        | Noticed a red draconian
   347 | D        | Noticed a green draconian
   347 | D        | Noticed a purple draconian
   347 | D        | Noticed a black draconian
   350 | D        | Found a transporter.
   351 | D        | Killed a red draconian
   351 | D        | HP: 2/66 [yellow draconian annihilator/crystal spear (57)]
   352 | D        | Killed a yellow draconian annihilator
   352 | D        | Killed a green draconian monk
   352 | D        | Slain by a green draconian

Illustrated notes

Levels and vault maps discovered:
D:        sprint_v [room_start, room_1, room_2, room_3, room_4, room_5, room_6,
          room_7, room_8, room_9, room_10, room_11, room_12, room_13, room_14,
          room_15, room_16, room_17, room_18, room_19, room_20, room_21,
          room_22, room_23, room_24, room_25, room_26, room_27]

Skill      XL: |  1  2  3  4  5  6  7  8  9 10 11 |
---------------+----------------------------------+-----
Fighting       | 6 8 9 10 11 12 | 12.0
Axes           | 3 4 5 6 9 13 15 | 15.6
Armour         | 6 7 8 9 10 11 | 11.6
Shields        | 6 7 8 10 11 12 13 | 13.2
Stealth        | 2 3 |  3.8
Evocations     | 1 |  1.5
Dodging        | 1 |  1.2

Action                     |  1- 3 |  4- 6 |  7- 9 | 10-12 || total
---------------------------+-------+-------+-------+-------++-------
  Melee: Broad axe         |     4 |     2 |    18 |    34 ||    58
         Bite              |       |     1 |     5 |     8 ||    14
 Invoke: Heavenly Storm    |       |       |       |     1 ||     1
Ability: Lunge             |       |     1 |     3 |     6 ||    10
         Whirlwind         |       |       |     1 |     8 ||     9
  Evoke: Phantom mirror    |       |       |     1 |     2 ||     3
    Use: Potion            |     2 |       |     1 |     1 ||     4
   Stab: Distracted        |       |       |       |     1 ||     1
 Armour: Plate armour      |    17 |     2 |    24 |    45 ||    88
  Dodge: Dodged            |       |       |     2 |     4 ||     6
  Block: Kite shield       |     7 |     3 |    28 |    38 ||    76

Table legend: (Time is in decaauts)
 A = Elapsed time spent in this place.
 B = Non-inter-level travel time spent in this place.
 C = Inter-level travel time spent in this place.
 D = Time resting spent in this place.
 E = Time spent auto-exploring this place.
 F = Levels seen in this place.
 G = Mean time per level.
                   A        B        C        D        E       F      G
               +--------+--------+--------+--------+--------+-----+--------+
         Total |    366 |    366 |      0 |     21 |     79 |   1 |  366.0 |
       Dungeon |    366 |    366 |      0 |     21 |     79 |   1 |  366.0 |
               +--------+--------+--------+--------+--------+-----+--------+

Top non-repeatable levels by time:
       D: 366 daAuts
